 Dungeon Crawl Stone Soup version 0.30.1-11-g7821555f0a (webtiles) character file.

Game seed: 718957386548944337

48 NEMO173 the Ducker (level 3, -1/17 HPs)
             Began as a Felid Berserker on Nov 16, 2023.
             Was a Believer of Trog.
             Slain by a worm (7 damage)
             ... on level 2 of the Dungeon.
             The game lasted 00:12:30 (1684 turns).

NEMO173 the Ducker (Felid Berserker)                Turns: 1684, Time: 00:12:30

Health: -1/17      AC:  1    Str: 13    XL:     3   Next: 50%
Magic:  4/4        EV: 18    Int: 10    God:    Trog [**....]
Gold:   54         SH:  0    Dex: 15    Spells: 2/2 levels left
                                        Lives:  0   Deaths: 0

rFire   . .          .
                       - Unarmed
rCold   . . .        (shield unavailable)
rNeg    . . .        (body armour unavailable)
rPois   .            (helmet unavailable)
rElec   .            (cloak unavailable)
rCorr   .            (gloves unavailable)
SInv    +            (boots unavailable)
Will    .....        (no amulet)
Stlth   +            (no ring)
HPRegen 0.22/turn    (no ring)
MPRegen 0.09/turn

%: no passive effects
@: quick
A: very small, claws 1, fangs 3, see invisible, speed 1, shaggy fur 1, stealthy
paws, no weapons or thrown items, no armour, multi-lived
a: Renounce Religion, Berserk, Trog's Hand


You were on level 2 of the Dungeon.
You worshipped Trog.
Trog was pleased with you.
You visited 1 branch of the dungeon, and saw 2 of its levels.

You collected 54 gold pieces.

Inventory:

Scrolls
 a - a scroll of noise {unknown}
 c - a scroll of identify
 e - a scroll of amnesia
Potions
 b - a potion of brilliance


   Skills:
 + Level 3.6 Fighting
 + Level 4.6 Dodging
 + Level 3.6 Unarmed Combat


You had 2 spell levels left.
You didn't know any spells.
Your spell library was empty.

Dungeon Overview and Level Annotations

Branches:
Dungeon (2/15)

Altars:


Innate Abilities, Weirdness & Mutations

You have sharp claws.
You have razor-sharp teeth.
You have supernaturally acute eyesight. (SInv)
You cover ground quickly. (Speed+)
You are covered in fur. (AC +1)
Your paws help you pounce on unaware monsters.
You are incapable of wielding weapons or throwing items.
You cannot wear armour.
You gain extra lives every three experience levels.


Message History

A quokka comes into view.
You now have 54 gold pieces (gained 11).
Found a quarterstaff.
There is a stone staircase leading down here.
You scratch the quokka but do no damage.
The quokka misses you.
You claw the quokka!
You kill the quokka!
Trog accepts your kill.
No target in view!
No target in view!
No target in view!
Found a stone staircase leading up.
Found a stone staircase leading down.
Found the Discourse on Curses.
There is a stone staircase leading down here.
Found 4 stones.
A worm comes into view.
You see here the Discourse on Curses.
You see here 4 stones.
You scratch the worm.
The worm is lightly wounded.
You scratch the worm.
The worm is moderately wounded.
The worm bites you.
You claw the worm!
The worm is severely wounded.
You barely miss the worm. You bite the worm.
The worm is severely wounded.
The worm bites you!
You are too injured to fight recklessly!
You are too injured to fight recklessly!
You are too injured to fight recklessly!
You are too injured to fight recklessly!
Okay, then.
As you read the scroll labelled SEXO EPACEWULO, it crumbles to dust.
It is a scroll of identify.
e - a scroll of amnesia The worm bites you!
You die...

#.# #.# #### #.#
#... #.# #... #.#
#... #.#
##...###.###
#...w@...:.#
....######.#.#####
. #..........#
#..........#
#..........#
.###..........#
.......>......#
.###..........#
####.#######


You could see a worm.

Vanquished Creatures
  An adder (D:2)
  A dart slug (D:1)
  4 endoplasms
  4 goblins (D:1)
  3 hobgoblins
  4 jackals (D:1)
  3 quokkas
  4 ball pythons
  A bat (D:2)
  A frilled lizard (D:1)
  3 kobolds
  2 rats (D:1)
31 creatures vanquished.

Notes
Turn   | Place    | Note
-------+----------+-------------------------------------------
     0 | D:1      | NEMO173 the Felid Berserker began the quest for the Orb.
     0 | D:1      | Reached XP level 1. HP: 10/10 MP: 2/2
   212 | D:1      | Reached XP level 2. HP: 3/14 MP: 3/3
   565 | D:1      | Reached ** piety under Trog
   707 | D:1      | Reached XP level 3. HP: 17/17 MP: 4/4
  1684 | D:2      | Slain by a worm

Illustrated notes

Levels and vault maps discovered:
D:1:      saegor_arrival_fortress, layout_loops_cross,
          dreamdust_princess_corridor
D:2:      layout_basic

Action                     || total
---------------------------++-------
  Melee: Unarmed           ||    96
         Bite              ||     9
         Punch             ||     3
    Use: Scroll            ||     5
         Potion            ||     2
   Stab: Sleeping          ||     1
 Armour: Skin              ||     1
  Dodge: Dodged            ||    81
